[Event "*** Titled Tuesday Blitz"]
[Site "Chess.com"]
[Date "2019.04.02"]
[Round "7"]
[White "mikhaillushenkov"]
[Black "Shant_Sargsyan"]
[Result "1-0"]
[WhiteElo "2690"]
[BlackElo "2930"]
[TimeControl "180+2"]
[EndTime "15:32:34 PDT"]
[Termination "mikhaillushenkov won on time"]

1. Nf3 g6 2. e4 Bg7 3. d4 d6 4. c4 Nf6 5. Nc3 O-O 6. Be2 e5 7. O-O Nc6 8. d5 Ne7 9. Ne1 Nd7 10. Be3 f5 11. f3 f4 12. Bf2 Nf6 13. c5 g5 14. a4 h5 15. a5 Ng6 16. cxd6 cxd6 17. Nb5 g4 18. Bxa7 g3 19. Bb6 gxh2+ 20. Kh1 Qe7 21.
Nc7 h4 22. Nxa8 Nh5 23. Nc7 h3 24. Ne6 Qh4 25. Bf2 Ng3+ 26. Bxg3 fxg3 27. Rc1 Nf4 28. Bc4 Bh6 29. Rc2 Kh7 30. Ba2 Rg8 31.
Rc7+ Kh8 32. Qc2 Qf6 33. Rxc8 hxg2+ 34. Nxg2 Nh3 35. Rxg8+ Kxg8 36. Qc8+ Kh7 37. Nf8+ Qxf8 38. Qxh3 1-0

[Event "*** Titled Tuesday Blitz"]
[Site "Chess.com"]
[Date "2019.04.02"]
[Round "7"]
[White "Bryakin_Mikhail"]
[Black "Hikaru"]
[Result "0-1"]
[WhiteElo "2759"]
[BlackElo "3177"]
[TimeControl "180+2"]
[EndTime "15:32:37 PDT"]
[Termination "Hikaru won by resignation"]

1. d4 e6 2. c4 b6 3. e4 Bb7 4. Bd3 Nc6 5. Nf3 Nb4 6. O-O Ne7 7. Nc3 Nxd3 8. Qxd3 d6 9. h3 g6 10. Bf4 Bg7 11.
Rad1 h6 12. b4 a5 13. b5 O-O 14. a4 f5 15. e5 g5 16. Bh2 Ng6 17. exd6 cxd6 18. c5 dxc5 19. dxc5 Qxd3 20. Rxd3 bxc5 21. Nd2 Rfd8 22. Rxd8+ Rxd8 23. Ndb1 f4 24. Rd1 Rd4 25. f3 Rc4 26. Rd7 Bd5 27. Nxd5 exd5 28. Nd2 Rc2 29.
Nb3 c4 30. b6 cxb3 31. Rxg7+ Kxg7 32. b7 b2 33. b8=Q Rc1+ 34. Kf2 b1=Q 35. Qa7+ Kf6 36. Qd4+ Ne5 37. Bxf4 Rf1+ 38. Kg3 Qe1+ 0-1

[Event "*** Titled Tuesday Blitz"]
[Site "Chess.com"]
[Date "2019.04.02"]
[Round "7"]
[White "Satscho"]
[Black "SlavenPastar"]
[Result "1-0"]
[WhiteElo "2313"]
[BlackElo "2429"]
[TimeControl "180+2"]
[EndTime "15:32:37 PDT"]
[Termination "Satscho won on time"]

1. e4 e5 2. Nf3 Nc6 3. d4 exd4 4.
Nxd4 Bc5 5. Nb3 Bb6 6. Nc3 d6 7. Qe2 Nf6 8. Be3 O-O 9. O-O-O Be6 10. g3 Ne5 11. Bg2 Bc4 12. Qe1 Bxe3+ 13. Qxe3 a5 14.
h3 a4 15. Nd4 b5 16. f4 b4 17.
fxe5 dxe5 18. Ne6 Qe7 19. Nxf8 bxc3 20. Qxc3 Bxa2 21. Nd7 Nxd7 22. Qc6 Nb6 23. Rd3 Rf8 24. h4 Bc4 25. Rc3 Rb8 26. Rxc4 Nxc4 27. Qxc4 a3 28.
b3 a2 29. Kb2 Ra8 30. Ka1 h6 31. Rf1 Ra7 32. Bh3 c6 33. Rxf7 1-0

[Event "*** Titled Tuesday Blitz"]
[Site "Chess.com"]
[Date "2019.04.02"]
[Round "7"]
[White "fm_magua"]
[Black "Vegan4future"]
[Result "1-0"]
[WhiteElo "2518"]
[BlackElo "2490"]
[TimeControl "180+2"]
[EndTime "15:32:41 PDT"]
[Termination "fm_magua won on time"]

1. e4 Nc6 2. Nf3 f5 3. d3 e5 4. Nc3 Nf6 5. Bg5 Be7 6. d4 Nxe4 7.
Bxe7 Qxe7 8. d5 Nd8 9. Bc4 d6 10.
Nxe4 fxe4 11. Nd2 Bf5 12. Qe2 O-O 13. Nxe4 Qh4 14. Bd3 Bxe4 15. Bxe4 Rxf2 16. Qxf2 Qxe4+ 17. Qe2 Qxd5 18. O-O Ne6 19. Rad1 Qc6 20. c3 h6 21. Qg4 Nf4 22. Rd2 a5 23. Rdf2 Qd5 24.
a3 b5 25. g3 h5 26. Qh4 Nd3 27. Rf7 Qc5+ 28. Kg2 Qd5+ 29. Kh3 e4 30. Qe7 Kh8 31.
Rxg7 1-0

[Event "*** Titled Tuesday Blitz"]
[Site "Chess.com"]
[Date "2019.04.02"]
[Round "7"]
[White "Mikhail_Golubev"]
[Black "saraswathii"]
[Result "0-1"]
[WhiteElo "2420"]
[BlackElo "2252"]
[TimeControl "180+2"]
[EndTime "15:32:41 PDT"]
[Termination "saraswathii won on time"]

1. e4 c5 2. Nf3 e6 3. d4 cxd4 4. Nxd4 Nf6 5. Nc3 Nc6 6. a3 d5 7. Bb5 Qb6 8. Be3 Qc7 9. exd5 Nxd5 10. Nxd5 exd5 11. Nxc6 bxc6 12. Bd3 Qe5 13. O-O Be6 14.
Re1 Bd6 15. f4 Qxb2 16. f5 Qe5 17. g3 O-O 18. fxe6 fxe6 19. Qg4 Qf6 20. Bd4 e5 21.
Rf1 Qh6 22. Bf2 e4 23. Be2 Be5 24. Rab1 Qd6 25. Kg2 Qxa3 26. Bg1 Qd6 27. c4 Rae8 28. cxd5 cxd5 29. Rxf8+ Rxf8 30. Rd1 Kh8 31. Bc4 Qc6 0-1

[Event "*** Titled Tuesday Blitz"]
[Site "Chess.com"]
[Date "2019.04.02"]
[Round "7"]
[White "pedro_gines"]
[Black "wannabe2700"]
[Result "0-1"]
[WhiteElo "2446"]
[BlackElo "2606"]
[TimeControl "180+2"]
[EndTime "15:32:44 PDT"]
[Termination "wannabe2700 won on time"]

1. d4 Nf6 2. c4 e6 3. Nf3 d5 4. g3 Be7 5. Bg2 O-O 6. O-O dxc4 7. Qc2 b5 8. a4 b4 9. Nfd2 c6 10. Nxc4 Qxd4 11. Be3 Qd8 12. Rd1 Nd5 13. Bc1 Qc7 14. e4 Nb6 15. Bf4 Qb7 16. Na5 Qa6 17. Nxc6 Nxc6 18. Qxc6 Bb7 19. Qc7 Bd8 20. Qe5 Bf6 21.
Qh5 g6 22. Qh6 Bxb2 23. Nd2 Bxa1 24. Rxa1 Qa5 25. Bg5 f6 26. Nf3 Nd7 27. Rd1 Rad8 28. Bh3 Nc5 29. Rxd8 Qxd8 30. Be3 Qd1+ 31. Kg2 Bxe4 32.
Qf4 e5 33. Be6+ Kh8 34. Qg4 f5 0-1

[Event "*** Titled Tuesday Blitz"]
[Site "Chess.com"]
[Date "2019.04.02"]
[Round "7"]
[White "2nd_life"]
[Black "Sajkochess"]
[Result "0-1"]
[WhiteElo "2451"]
[BlackElo "2338"]
[TimeControl "180+2"]
[EndTime "15:32:45 PDT"]
[Termination "Sajkochess won on time"]

1. g3 e5 2. Bg2 d5 3. c4 Nf6 4.
cxd5 Nxd5 5. Nc3 Nb6 6. h4 Nc6 7. Bxc6+ bxc6 8. d3 c5 9. b3 Bb7 10. Nf3 Bd6 11. Bb2 O-O 12. Ne4 f5 13. Ned2 Qe7 14. e4 Rf6 15. exf5 Rxf5 16. Ne4 Raf8 17. Nfd2 Nd5 18.
Qc2 Nb4 19. Qc3 Qf7 20. Rf1 Kh8 21. a3 Nd5 22. Qc4 Qh5 23. Nxd6 cxd6 24. Ne4 Ne3 0-1

[Event "*** Titled Tuesday Blitz"]
[Site "Chess.com"]
[Date "2019.04.02"]
[Round "7"]
[White "Lion_DL"]
[Black "Supernotar"]
[Result "0-1"]
[WhiteElo "2456"]
[BlackElo "2562"]
[TimeControl "180+2"]
[EndTime "15:32:48 PDT"]
[Termination "Supernotar won by resignation"]

1. e4 c6 2. d3 d5 3. Nd2 e5 4. Ngf3 Bd6 5. d4 exd4 6. exd5 Nf6 7. dxc6 Nxc6 8. Bb5 Qb6 9. Qe2+ Be6 10. O-O O-O 11.
Nb3 Rfe8 12. Bxc6 bxc6 13. Nbxd4 Bxa2 14. Qd3 Bd5 15. Bg5 Ne4 16. Be3 c5 17. Nf5 Bb7 18. Nxd6 Nxd6 19. b4 Ne4 20. Rfb1 Qg6 21. bxc5 Rad8 22.
Qf1 Bc6 23. Nd4 Rxd4 24. Bxd4 Nd2 25. Re1 Rxe1 26. Rxe1 Nxf1 27. Kxf1 Bxg2+ 28. Ke2 Qxc2+ 29. Ke3 Qe4+ 30. Kd2 Qxd4+ 31. Kc1 Qc3+ 32. Kd1 Bf3+ 0-1

[Event "*** Titled Tuesday Blitz"]
[Site "Chess.com"]
[Date "2019.04.02"]
[Round "7"]
[White "ChessicallyInclined"]
[Black "BlueWizzard"]
[Result "0-1"]
[WhiteElo "2528"]
[BlackElo "2703"]
[TimeControl "180+2"]
[EndTime "15:32:53 PDT"]
[Termination "BlueWizzard won by resignation"]

1. d4 e6 2. c4 f5 3. Nf3 Nf6 4. g3 Bb4+ 5. Bd2 Be7 6. Bg2 O-O 7. O-O c6 8. Nc3 d5 9. Ne5 b6 10. Qb3 Bb7 11. Rfd1 Nbd7 12. Rac1 Ne4 13. Be1 Nxe5 14.
dxe5 Qe8 15. cxd5 cxd5 16. Nxe4 fxe4 17. Rc7 Ba6 18. Bh3 Bc5 19. e3 Rf7 20. Rxf7 Qxf7 21. Bb4 Rf8 22. Rd2 Bxb4 23. Qxb4 Rc8 24. Qa4 Rc1+ 25.
Rd1 Bb5 26. Qb3 Rc5 27. a4 Bd7 28. Qb4 Qh5 0-1

[Event "*** Titled Tuesday Blitz"]
[Site "Chess.com"]
[Date "2019.04.02"]
[Round "7"]
[White "Ginger_GM"]
[Black "penguingm1"]
[Result "0-1"]
[WhiteElo "2622"]
[BlackElo "2947"]
[TimeControl "180+2"]
[EndTime "15:32:54 PDT"]
[Termination "penguingm1 won on time"]

1. d4 d5 2. c4 e6 3. Nc3 Be7 4.
Nf3 Nf6 5. Bg5 h6 6. Bf4 O-O 7.
e3 b6 8. g4 Ne4 9. Qc2 Bb7 10.
Rg1 c5 11. O-O-O cxd4 12. exd4 Nc6 13. Nxe4 Nb4 14. Nf6+ Bxf6 15. Qd2 dxc4 16. g5 hxg5 17. Nxg5 Nd5 18. Be5 c3 19. bxc3 Nxc3 20. Nh7 Bxe5 21. Qh6 Nxd1 22. dxe5 Rc8+ 23. Kb1 Be4+ 0-1

[Event "*** Titled Tuesday Blitz"]
[Site "Chess.com"]
[Date "2019.04.02"]
[Round "7"]
[White "gemarin"]
[Black "norwaytoadog"]
[Result "0-1"]
[WhiteElo "2065"]
[BlackElo "2247"]
[TimeControl "180+2"]
[EndTime "15:32:54 PDT"]
[Termination "norwaytoadog won on time"]

1. d4 Nf6 2. c4 e6 3. a3 b6 4. Nc3 Bb7 5. Qc2 c5 6. dxc5 Bxc5 7. Nf3 O-O 8. b4 Be7 9. Bb2 a6 10. e3 Qc7 11. Be2 d6 12. Rc1 Nbd7 13. O-O Rfd8 14.
Ng5 h6 15. Nge4 Rac8 16. Nxf6+ Bxf6 17. Rfd1 Bc6 18. Qb3 Qb7 19. Bf1 Ne5 20. f3 Bxf3 21.
gxf3 Nxf3+ 22. Kf2 Bh4+ 23. Ke2 d5 24. c5 Ng1+ 25.
Kd3 bxc5 26. Kc2 d4 0-1

[Event "*** Titled Tuesday Blitz"]
[Site "Chess.com"]
[Date "2019.04.02"]
[Round "7"]
[White "Walter_White_Poland"]
[Black "KRASAVCHIK2002"]
[Result "0-1"]
[WhiteElo "2242"]
[BlackElo "2409"]
[TimeControl "180+2"]
[EndTime "15:32:57 PDT"]
[Termination "KRASAVCHIK2002 won on time"]

1. e4 c5 2. Nf3 d6 3. d4 cxd4 4.
Nxd4 Nf6 5. Nc3 a6 6. Bg5 e6 7.
f4 Qb6 8. Qd3 Qxb2 9. Rb1 Qa3 10. f5 Nc6 11. fxe6 fxe6 12. Nxc6 bxc6 13. Be2 Be7 14.
Bh5+ g6 15. Bg4 Qc5 16. Be3 Qa5 17. Bh3 Nxe4 18. Bd4 e5 19. Bxc8 exd4 20. Bb7 Qxc3+ 21. Qxc3 Nxc3 0-1

[Event "*** Titled Tuesday Blitz"]
[Site "Chess.com"]
[Date "2019.04.02"]
[Round "7"]
[White "KenanGarayev"]
[Black "scaryninja"]
[Result "1-0"]
[WhiteElo "2762"]
[BlackElo "2480"]
[TimeControl "180+2"]
[EndTime "15:32:59 PDT"]
[Termination "KenanGarayev won by checkmate"]

1. d4 d5 2. c4 e6 3. Nc3 Nf6 4. cxd5 exd5 5. Bg5 c6 6. e3 Be7 7. Bd3 Nbd7 8. Nge2 Nf8 9. O-O Ne6 10. Bh4 O-O 11.
f3 g6 12. Bf2 b6 13. h3 Bb7 14. e4 Nh5 15. Qd2 Bg5 16. Be3 Bxe3+ 17. Qxe3 c5 18. Nxd5 Bxd5 19. exd5 cxd4 20. Qe5 Qc7 21. Qxc7 Nxc7 22.
Be4 f5 23. Bd3 Nxd5 24. Bc4 Rfd8 25. g4 Nf6 26. Nxd4 Kh8 27. Ne6 Rd6 28. Rae1 Rc8 29. Ng5 Kg7 30. b3 h6 31. Ne6+ Kh7 32. gxf5 gxf5 33.
Re5 f4 34. Kh1 Ne3 35. Nxf4 Nxf1 36. Re7+ Kh8 37. Ng6# 1-0

[Event "*** Titled Tuesday Blitz"]
[Site "Chess.com"]
[Date "2019.04.02"]
[Round "7"]
[White "NCchamp"]
[Black "hansen"]
[Result "0-1"]
[WhiteElo "2174"]
[BlackElo "2796"]
[TimeControl "180+2"]
[EndTime "15:32:59 PDT"]
[Termination "hansen won by resignation"]

1. c4 Nf6 2. Nc3 e5 3. g3 Nc6 4. Bg2 Bb4 5. Nf3 Bxc3 6. bxc3 O-O 7. O-O Re8 8. Ne1 d5 9. cxd5 Nxd5 10. Rb1 Nb6 11. Nc2 Be6 12. a4 Ba2 13. Rb2 Bd5 14. Bxd5 Qxd5 15. Ne3 Qe6 16. d4 Rad8 17. Rd2 Na5 18.
Rb2 Qc6 19. Qc2 a6 20. Rb4 exd4 21. cxd4 Qxc2 22. Nxc2 Rxe2 23. Ne3 Ra2 24. Nf5 f6 25. Bf4 Rd7 26. Bxc7 Nbc4 27. Bxa5 Nxa5 28. Rd1 g6 29. Ne3 Nc6 30. Rc4 Kf7 31. d5 Ne5 32. Rb4 a5 33. Rbd4 Nf3+ 34. Kg2 Nxd4 35. Rxd4 Rb2 36. Nc4 Rb4 37.
d6 Kg7 0-1

[Event "*** Titled Tuesday Blitz"]
[Site "Chess.com"]
[Date "2019.04.02"]
[Round "7"]
[White "Medvegy"]
[Black "KarstenHansch"]
[Result "0-1"]
[WhiteElo "2493"]
[BlackElo "2366"]
[TimeControl "180+2"]
[EndTime "15:33:00 PDT"]
[Termination "KarstenHansch won by resignation"]

1. Nf3 c5 2. b3 Nf6 3. Bb2 e6 4. g3 Be7 5. Bg2 Nc6 6. O-O O-O 7. e3 d5 8. d4 b6 9. Nbd2 Ba6 10. Re1 Rc8 11. Rc1 Rc7 12. c4 Nb4 13. Ne5 Nxa2 14.
Ra1 Nb4 15. Bc3 Bc8 16. Bxb4 cxb4 17. g4 a5 18. g5 Nd7 19. Nxd7 Qxd7 20. f4 Bb7 21.
Qg4 f5 22. gxf6 Rxf6 23. cxd5 Rg6 24. Qh3 Qxd5 25. Re2 Rc2 26. Rd1 Rxg2+ 27. Qxg2 Qxg2+ 28. Rxg2 Bxg2 29. Kxg2 a4 30. Kf3 a3 31. Nc4 Rxc4 0-1

[Event "*** Titled Tuesday Blitz"]
[Site "Chess.com"]
[Date "2019.04.02"]
[Round "7"]
[White "cukus"]
[Black "SolidAsARook"]
[Result "1-0"]
[WhiteElo "2409"]
[BlackElo "2241"]
[TimeControl "180+2"]
[EndTime "15:33:01 PDT"]
[Termination "cukus won by resignation"]

1. e4 e5 2. Nf3 Nc6 3. Bb5 Nf6 4. O-O Bc5 5. Nxe5 Nxe5 6. d4 a6 7. Be2 Nxe4 8. dxc5 Nxc5 9. b4 Ne6 10. Bb2 d6 11.
f4 Nc6 12. f5 Ng5 13. b5 axb5 14. Bxb5 O-O 15. Bxc6 bxc6 16. Qg4 f6 17. h4 Nf7 18.
Nd2 Ne5 19. Qg3 Ba6 20. Rf4 Qe8 21. Nf3 Qh5 22. Nd4 Bc4 23. Nxc6 Rxa2 24. Rxa2 Bxa2 25. Nxe5 dxe5 26. Rg4 Rf7 27. Qf3 Qh6 28. Qa8+ Rf8 29. Qxa2+ Kh8 30. Qd5 Qe3+ 31. Kh2 1-0

[Event "*** Titled Tuesday Blitz"]
[Site "Chess.com"]
[Date "2019.04.02"]
[Round "7"]
[White "GCamachoMartinez"]
[Black "NMZanette"]
[Result "1/2-1/2"]
[WhiteElo "2345"]
[BlackElo "2224"]
[TimeControl "180+2"]
[EndTime "15:33:01 PDT"]
[Termination "Game drawn by agreement"]

1. d4 Nf6 2. c4 e6 3. Nf3 c5 4. g3 Be7 5. Bg2 O-O 6. O-O d5 7. cxd5 exd5 8. Nc3 c4 9. b3 cxb3 10. axb3 Nc6 11. Ne5 Be6 12. Nxc6 bxc6 13. Ba3 Bf5 14. Na4 Re8 15. Bxe7 Qxe7 16. e3 Be4 17.
Nc5 Bxg2 18. Kxg2 Ne4 19. Rc1 Rab8 20. Qd3 h5 21. h4 Nd6 22. Ra1 Nb5 23. Qf5 g6 24.
Qd7 Qf6 25. Ra6 Rbc8 26. Qxd5 Qxf2+ 27. Kxf2 cxd5 28. Rfa1 Rc7 29. R1a5 Rb8 30. Ke2 Nc3+ 31. Kd3 Nb5 32. Rf6 Re7 33. Rf3 1/2-1/2

[Event "*** Titled Tuesday Blitz"]
[Site "Chess.com"]
[Date "2019.04.02"]
[Round "7"]
[White "You_are_not_free"]
[Black "VFernandezB"]
[Result "0-1"]
[WhiteElo "2334"]
[BlackElo "2276"]
[TimeControl "180+2"]
[EndTime "15:33:05 PDT"]
[Termination "VFernandezB won by resignation"]

1. e4 c5 2. Nf3 d6 3. d4 cxd4 4.
Nxd4 Nf6 5. Nc3 a6 6. Be3 e5 7.
Nb3 Be6 8. f3 Nbd7 9. Qd2 Rc8 10.
O-O-O b5 11. g4 Nb6 12. Qf2 Nfd7 13. Na5 Rxc3 14. bxc3 Na4 15. Nb3 Qc7 16. Bd2 Be7 17. Be2 O-O 18. Qe3 Rc8 19. h4 Ndb6 20. Be1 d5 21.
exd5 Ba3+ 22. Kb1 Nxd5 23. Qd3 Qxc3 24. Bxc3 Ndxc3+ 25. Qxc3 Nxc3+ 26. Ka1 Nxe2 27. Rhe1 Nc3 28. Rd3 f6 29. f4 e4 30. Rde3 Bxg4 31. Rg1 Bf3 32. Nd4 Bc5 33. Rxc3 0-1

[Event "*** Titled Tuesday Blitz"]
[Site "Chess.com"]
[Date "2019.04.02"]
[Round "7"]
[White "vgyogi"]
[Black "europa2012"]
[Result "0-1"]
[WhiteElo "2138"]
[BlackElo "2126"]
[TimeControl "180+2"]
[EndTime "15:33:05 PDT"]
[Termination "europa2012 won by resignation"]

1. d4 Nf6 2. Bg5 Ne4 3. Bf4 d5 4. f3 Nf6 5. e4 dxe4 6. Nc3 Bf5 7. Qe2 exf3 8. Nxf3 Bd7 9. O-O-O e6 10. Ne5 Bb4 11.
Ne4 Nxe4 12. Qxe4 Nc6 13. Kb1 Bd6 14. a3 O-O 15. Bd3 f5 16. Qe3 Bxe5 17. dxe5 Qe7 18. h4 Rad8 19. Bc4 a6 20. h5 h6 21. Qg3 Kh8 22. Rd2 b5 23. Ba2 Bc8 24. Rhd1 Rxd2 25. Rxd2 Rd8 26. Rxd8+ Qxd8 27. Kc1 Qd4 28. Bb3 Na5 29.
Be3 Nxb3+ 30. cxb3 Qe4 31. Kd2 Qd5+ 32. Kc2 Qe4+ 33. Kd2 Bb7 34. b4 Qd5+ 35. Ke2 Qxg2+ 36. Bf2 Qe4+ 37. Be3 Qc2+ 38. Bd2 Qxb2 39. Qg6 Qxe5+ 40. Kf2 Bc6 41. Bxh6 gxh6 42. Qxh6+ Kg8 43. Qg6+ Qg7 44. Qe8+ Bxe8 0-1

[Event "*** Titled Tuesday Blitz"]
[Site "Chess.com"]
[Date "2019.04.02"]
[Round "7"]
[White "DanielMieles1985"]
[Black "Heineccius"]
[Result "1-0"]
[WhiteElo "2654"]
[BlackElo "2496"]
[TimeControl "180+2"]
[EndTime "15:33:11 PDT"]
[Termination "DanielMieles1985 won by resignation"]

1. d4 Nf6 2. c4 e6 3. Nc3 Bb4 4. Qc2 O-O 5. e4 d5 6. e5 Ne4 7.
Bd3 c5 8. Nf3 Nc6 9. O-O Bxc3 10.
bxc3 cxd4 11. Ba3 Re8 12. cxd4 Qa5 13. Qb3 dxc4 14. Bxc4 Nd2 15. Nxd2 Qxd2 16. Rad1 Qf4 17. Qe3 Qh4 18. Bd6 Bd7 19. f4 Na5 20. Bd3 Bc6 21. f5 exf5 22. Rxf5 Qg4 23. Rd2 Bd5 24. h3 Qg6 25.
Qf4 Nc4 26. Bxc4 Bxc4 27. d5 Bb5 28. Rf2 Rac8 29. Rxf7 h6 30. Rxb7 Rc1+ 31. Kh2 Bc4 32. Qf7+ Kh7 33. Qxg6+ Kxg6 34. Rc7 Rf1 35. Rxf1 Bxf1 36.
Kg3 Kf5 37. Rf7+ 1-0

[Event "*** Titled Tuesday Blitz"]
[Site "Chess.com"]
[Date "2019.04.02"]
[Round "7"]
[White "NikolaN98"]
[Black "platy3"]
[Result "0-1"]
[WhiteElo "2529"]
[BlackElo "2778"]
[TimeControl "180+2"]
[EndTime "15:33:12 PDT"]
[Termination "platy3 won on time"]

1. e4 c5 2. Nf3 d6 3. d4 cxd4 4. Nxd4 Nf6 5. Nc3 a6 6. Bg5 e6 7.
f4 h6 8. Bh4 Qb6 9. Qd2 Qxb2 10. Rb1 Qa3 11. e5 dxe5 12. fxe5 Nfd7 13. Ne4 Qxa2 14.
Rd1 Qd5 15. Qe3 Qxe5 16. Be2 Qa5+ 17. c3 Bc5 18. O-O O-O 19. Qg3 Kh8 20. Nf6 Bxd4+ 21. Rxd4 Qe5 22. Qd3 Nxf6 23. Bxf6 gxf6 24. Rh4 f5 25.
Rxh6+ Kg7 26. Rh3 Nc6 27. Rff3 Kf6 28. Re3 Qc5 29. Kf1 Rd8 30. Qc2 b5 31. Bd3 Ne5 32.
Rh6+ Ke7 0-1

[Event "*** Titled Tuesday Blitz"]
[Site "Chess.com"]
[Date "2019.04.02"]
[Round "7"]
[White "fu24"]
[Black "WPWPWP-2015"]
[Result "1-0"]
[WhiteElo "2520"]
[BlackElo "2354"]
[TimeControl "180+2"]
[EndTime "15:33:12 PDT"]
[Termination "fu24 won by checkmate"]

1. d4 Nf6 2. Nc3 d5 3. Bf4 Bf5 4. f3 c6 5. g4 Bg6 6. h4 h5 7. g5 Nfd7 8. e3 e6 9. Nh3 b5 10. Bd3 Bxd3 11. Qxd3 g6 12. e4 b4 13. Ne2 a5 14. Bg3 a4 15. O-O Be7 16. exd5 cxd5 17. Nhf4 Qb6 18. Kg2 Qa6 19. Qe3 Nc6 20. Rae1 O-O 21. Nxg6 fxg6 22. Qxe6+ Rf7 23. Qxg6+ Kf8 24.
Nf4 Nxd4 25. Qxh5 Kg7 26. Re6 Nxe6 27. Qg6+ Kh8 28. Qxf7 Nxf4+ 29. Bxf4 Qe2+ 30. Rf2 Qe1 31. g6 Nf6 32. g7+ Kh7 33. g8=Q# 1-0

[Event "*** Titled Tuesday Blitz"]
[Site "Chess.com"]
[Date "2019.04.02"]
[Round "7"]
[White "rasmussvane"]
[Black "12teen"]
[Result "0-1"]
[WhiteElo "2755"]
[BlackElo "2657"]
[TimeControl "180+2"]
[EndTime "15:33:13 PDT"]
[Termination "12teen won by resignation"]

1. Nf3 a6 2. a4 b6 3. e4 Bb7 4. Nc3 e6 5. d4 Nf6 6. Bd3 d5 7. exd5 Nxd5 8. O-O Nxc3 9. bxc3 Be7 10. Ne5 Nd7 11.
Qg4 Nxe5 12. dxe5 Qd5 13. Re1 O-O-O 14. a5 h5 15. Qh3 b5 16. Rb1 g5 17. c4 bxc4 18. Bf1 Qxa5 19. Bb2 Bb4 20. c3 Bc5 21. Bc1 g4 22. Qh4 Qxc3 23. Bg5 Rd4 24. Be3 Rd5 25. Rbc1 Qa5 26. Bxc5 Rxc5 27. Qf6 Rd8 28. Qxf7 Bd5 29. Qe7 Rc6 30. Red1 c3 31. Ra1 c2 32. Rdc1 Qxa1 33. Rxa1 c1=Q 34. Rxc1 Rxc1 35. Qg5 Ra1 36. h3 Bc4 37. hxg4 Rxf1+ 38. Kh2 Rxf2 39. Qe3 Rdd2 40. gxh5 Rxg2+ 41. Kh3 Rd3 42. Kxg2 Rxe3 43. h6 Bd3 0-1

[Event "*** Titled Tuesday Blitz"]
[Site "Chess.com"]
[Date "2019.04.02"]
[Round "7"]
[White "JSPrepz"]
[Black "Yurovskykh_Oleksandr"]
[Result "0-1"]
[WhiteElo "2700"]
[BlackElo "2525"]
[TimeControl "180+2"]
[EndTime "15:33:14 PDT"]
[Termination "Yurovskykh_Oleksandr won by resignation"]

1. e4 d5 2. Nc3 dxe4 3. Nxe4 Bf5 4. Ng3 Bg6 5. h4 h6 6. Nf3 Nd7 7. h5 Bh7 8. Bc4 e6 9. d4 Ngf6 10. O-O Be7 11. Qe2 O-O 12. Bf4 Nd5 13. Bd2 Bd6 14. Ne4 N7f6 15. Nxd6 cxd6 16. Ne1 Nb6 17. Bb3 d5 18. a4 Ne4 19. a5 Nxd2 20. Qxd2 Nc8 21. Nf3 Nd6 22. Ne5 f6 23. Nf3 Qe8 24. Qf4 Rd8 25. Rfe1 Ne4 26. c4 Qxh5 27. cxd5 exd5 28.
Rxe4 Bxe4 29. Qxe4 Rfe8 30. Qf4 Qf7 31. Rc1 Kh8 32. Rc7 Rd7 33. Rxd7 Qxd7 34. Kh2 Rd8 35. Nh4 Qd6 36. Ng6+ Kh7 37. Qxd6 Rxd6 38. Nf4 Ra6 39.
Bxd5 Rxa5 40. Bxb7 Rb5 41. Bc6 Rxb2 42. d5 Rxf2 43. Nd3 Rd2 44. Nc5 Kg6 45. Kg3 Kf5 46.
Ne6 g5 47. Kf3 Ke5 48. Nc5 h5 49. Nd7+ Kf5 50. Ke3 Rxg2 51. d6 Rg3+ 52. Kd4 Ke6 53. Nc5+ Kxd6 54. Ne4+ Kxc6 55. Nxg3 h4 56. Ne4 h3 57.
Ke3 f5 58. Nd2 h2 0-1

[Event "*** Titled Tuesday Blitz"]
[Site "Chess.com"]
[Date "2019.04.02"]
[Round "7"]
[White "warmoatmeal"]
[Black "SanchezKelvin"]
[Result "0-1"]
[WhiteElo "1792"]
[BlackElo "2532"]
[TimeControl "180+2"]
[EndTime "15:33:15 PDT"]
[Termination "SanchezKelvin won by checkmate"]

1. d4 Nf6 2. Nf3 g6 3. c4 Bg7 4.
Nc3 O-O 5. Bg5 d6 6. e3 Nc6 7. Be2 h6 8. Bh4 Qe8 9. O-O e5 10. Bxf6 Bxf6 11. Nd5 Bd8 12. Qc2 Bg4 13. Qb3 exd4 14.
exd4 Qxe2 15. Rfe1 Na5 16. Rxe2 Nxb3 17. axb3 c6 18.
Ne7+ Kg7 19. h3 Bxf3 20. gxf3 Bb6 21. d5 c5 22. f4 Kf6 23. Rae1 Rfe8 24. Re3 Bd8 25.
Nf5 Rxe3 26. Nxe3 Ba5 27. Ng4+ Kg7 28. Re7 h5 29. Ne3 Rb8 30. f5 Kf6 31. Rd7 gxf5 32. Kg2 f4 33. Nf1 a6 34. Kf3 b5 35. Nd2 Bxd2 36.
Rxd6+ Ke5 37. Rxa6 bxc4 38. bxc4 Rb3+ 39. Ke2 Rxb2 40.
d6 Ke6 41. Kf3 Rb3+ 42. Ke4 f5# 0-1

[Event "*** Titled Tuesday Blitz"]
[Site "Chess.com"]
[Date "2019.04.02"]
[Round "7"]
[White "Andreikka"]
[Black "grzechu96"]
[Result "1-0"]
[WhiteElo "2858"]
[BlackElo "2561"]
[TimeControl "180+2"]
[EndTime "15:33:18 PDT"]
[Termination "Andreikka won by resignation"]

1. e4 e5 2. Nf3 Nc6 3. Bc4 Nf6 4. d3 Be7 5. O-O O-O 6. c3 d6 7. h3 Na5 8. Bb5 c5 9. Ba4 h6 10. Re1 a6 11. Bc2 Nc6 12. Nbd2 Re8 13. Nf1 Bf8 14.
Ng3 d5 15. exd5 Nxd5 16. Qe2 Be6 17. Bd2 Nf4 18. Bxf4 exf4 19. Ne4 Bd5 20. Qf1 Qd7 21. Ned2 Rxe1 22. Rxe1 Rd8 23. Qe2 Be6 24. Qe4 Bf5 25. Qxf4 Bxd3 26. Bxd3 Qxd3 27. Ne4 Qd5 28. Qg3 Qxa2 29.
Qc7 Qxb2 30. Ne5 Nxe5 31. Qxd8 c4 32. Re3 Nd3 33. Nf6+ gxf6 34. Rg3+ Kh7 35. Qxf8 Qxf2+ 36. Kh2 1-0

[Event "*** Titled Tuesday Blitz"]
[Site "Chess.com"]
[Date "2019.04.02"]
[Round "7"]
[White "INLOVEWITHF"]
[Black "Joseph_Truelson"]
[Result "1-0"]
[WhiteElo "2279"]
[BlackElo "2269"]
[TimeControl "180+2"]
[EndTime "15:33:24 PDT"]
[Termination "INLOVEWITHF won by resignation"]

1. e4 e5 2. Nf3 Nc6 3. Bc4 Nf6 4. d3 Be7 5. O-O O-O 6. Re1 a6 7. a4 d6 8. c3 Kh8 9. h3 Ng8 10. d4 exd4 11. cxd4 f5 12. e5 d5 13. Ba2 Be6 14. Nc3 Nb4 15. Bb1 g5 16. Nh2 Qe8 17. f4 Qg6 18. fxg5 Bxg5 19. Bxg5 Qxg5 20. Nf3 Qg7 21. Qd2 Nh6 22. Ne2 Nc6 23. Nf4 Bg8 24. b4 Ne7 25. Nh5 Qf7 26. Qxh6 Ng6 27. Ba2 Qe7 28. Nf6 c6 29.
Ng5 f4 30. Bb1 Qg7 31. Qxg7+ Kxg7 32. Nxg8 Kxg8 33. Bxg6 hxg6 34. Kf2 Rf5 35. h4 Kg7 36.
Kf3 Rh8 37. Kg4 f3 38. gxf3 Rhf8 39. Ne6+ 1-0

[Event "*** Titled Tuesday Blitz"]
[Site "Chess.com"]
[Date "2019.04.02"]
[Round "7"]
[White "maloy07"]
[Black "MatthewG-p4p"]
[Result "1-0"]
[WhiteElo "2842"]
[BlackElo "2689"]
[TimeControl "180+2"]
[EndTime "15:33:25 PDT"]
[Termination "maloy07 won by resignation"]

1. e4 e6 2. d4 d5 3. Nc3 Bb4 4.
exd5 exd5 5. Bd3 Nf6 6. Ne2 O-O 7.
O-O c6 8. Re1 Re8 9. a3 Bd6 10.
Bf4 Bg4 11. f3 Bh5 12. Bxd6 Qxd6 13. Qd2 Nbd7 14. Qf4 Qxf4 15. Nxf4 Bg6 16. Kf2 Nb6 17. Bxg6 hxg6 18. Nd3 Nc4 19. h4 Kf8 20. Re2 Rxe2+ 21. Nxe2 Re8 22. g4 b6 23. a4 Nd7 24. a5 Ke7 25. b3 Nd6 26. axb6 axb6 27. Ra6 Nb5 28. c4 dxc4 29. bxc4 Nc7 30. Ra7 Rc8 31. Nc3 Kf8 32. Ne4 Ke7 33. Nb4 Ne6 34. d5 cxd5 35. Nxd5+ Kd8 36.
Rxd7+ Kxd7 37. Nxb6+ Kc7 38. Nxc8 Kxc8 39. Nd6+ Kd7 40.
Nxf7 Ke7 41. Ne5 g5 42. h5 Kd6 43. Nd3 Nd4 44. Ke3 Nc6 45. Ke4 Ne7 46. c5+ Ke6 47. Nb4 Ng8 48. Nd5 Nh6 49. c6 Nf7 50. c7 Nd6+ 51. Kd4 Kd7 52. Ke5 Nc4+ 53. Kf5 Nd2 54. Kxg5 Nxf3+ 55. Kg6 Ne5+ 56. Kxg7 Nxg4 57. Nf6+ 1-0